 Dungeon Crawl Stone Soup version 0.31.0-32-g396128a36d (webtiles) character file.

Game seed: 14418657741583012335

45 GiantSquids the Chopper (level 3, -3/31 HPs)
             Began as a Hill Orc Fighter on Apr 17, 2024.
             Slain by Terence
             ... wielding a +1 trident of venom
              (8 damage)
             ... on level 2 of the Dungeon.
             The game lasted 00:01:25 (729 turns).

GiantSquids the Chopper (Hill Orc Fighter)           Turns: 729, Time: 00:01:26

Health: -3/31      AC:  6    Str: 20    XL:     3   Next: 64%
Magic:  3/3        EV:  6    Int:  8    God:
Gold:   49         SH: 13    Dex: 10    Spells: 2/2 levels left

rFire   . . .        a - +0 war axe
rCold   . . .        e - +2 tower shield
rNeg    . . .        b - +0 scale mail
rPois   .            (no helmet)
rElec   .            (no cloak)
rCorr   .            (no gloves)
SInv    .            (no boots)
Will    .....        (no amulet) Stlth
                     (no ring)
HPRegen 0.25/turn    (no ring)
MPRegen 0.08/turn

%: no passive effects
@: lethally poisoned (-3 -> -16)
A: no striking features
a: no special abilities


You were on level 2 of the Dungeon.
You visited 1 branch of the dungeon, and saw 2 of its levels.

You collected 49 gold pieces.

Inventory:

Hand Weapons
 a - a +0 war axe (weapon)
Armour
 b - a +0 scale mail (worn)
 e - a +2 tower shield (worn)
Scrolls
 i - a scroll of revelation {unknown}
Potions
 c - 2 potions of degeneration {unknown}
 d - a potion of might
 f - a potion of ambrosia {unknown}
 g - 3 potions of curing {unknown}
 h - a potion of cancellation {unknown}


   Skills:
 - Level 3.6 Fighting
 + Level 5.2 Axes
 - Level 3.2 Armour
 - Level 3.2 Shields


You had 2 spell levels left.
You didn't know any spells.
Your spell library was empty.

Dungeon Overview and Level Annotations

Branches:
Dungeon (2/15)

Altars:

Annotations:
D:2 Terence


Message History

You barely miss the giant cockroach. You block the giant cockroach's attack.
The giant cockroach barely misses you.
You slash the giant cockroach!
You kill the giant cockroach!
No target in view!
No target in view!
No target in view!
No target in view!
g - 3 red potions (gained 1)
Found a dagger.
Found a stone staircase leading up.
There is a stone staircase leading up here.
Terence the Incautious comes into view.
He is wielding a +1 trident of venom and wearing a +2 chain mail of cold resistance.
Terence shouts!
Terence hits you with a +1 trident of venom.
You are poisoned.
You hit Terence.
Terence is lightly wounded.
You feel very sick. You block Terence's attack.
You barely miss Terence.
Terence is lightly wounded.
You feel sick. Terence hits you but does no damage.
You are more poisoned.
Terence hits you with a +1 trident of venom.
You are more poisoned.
You hit Terence.
Terence is moderately wounded.
You feel very sick. You block Terence's attack.
Terence shouts, "Get ready for death!"
Terence hits you with a +1 trident of venom.
You are lethally poisoned!
You hit Terence but do no damage.
Terence is moderately wounded.
* * * LOW HITPOINT WARNING * * *
You feel extremely sick.
Terence says, "Rest in peace."
Terence hits you with a +1 trident of venom!
You die...
Terence says, "That felt goooood."

########## #.@@......
#.######### #.#.......#
######....# #.#
#......#..# #.#
#.####.#..# #.#
#..)<..#..# #.#+#######
#..#...#..# #.........#
####.###..####.........#


You could see Terence.

Vanquished Creatures
  2 dart slugs (D:1)
  3 orcs (D:2)
  4 bats
  3 endoplasms (D:1)
  2 giant cockroaches
  A goblin (D:2)
  3 hobgoblins (D:1)
  3 jackals (D:2)
  5 ball pythons
  4 kobolds
  4 rats
34 creatures vanquished.

Notes
Turn   | Place    | Note
-------+----------+-------------------------------------------
     0 | D:1      | GiantSquids the Hill Orc Fighter began the quest for the
                  | Orb.
     0 | D:1      | Reached XP level 1. HP: 19/19 MP: 1/1
    43 | D:1      | Reached skill level 3 in Axes
   209 | D:1      | Reached XP level 2. HP: 22/26 MP: 2/2
   266 | D:1      | Reached skill level 4 in Axes
   424 | D:1      | Reached XP level 3. HP: 31/31 MP: 3/3
   659 | D:2      | Reached skill level 5 in Axes
   724 | D:2      | Noticed Terence
   729 | D:2      | Slain by Terence

Illustrated notes

Levels and vault maps discovered:
D:1:      lightli_arrival_quake, layout_basic
D:2:      layout_basic, uniq_terence

Skill      XL: |  1  2  3 |
---------------+----------+-----
Axes           | 3 4 5 |  5.2
Fighting       | |  3.6
Armour         | |  3.2
Shields        | |  3.2

Action                     || total
---------------------------++-------
  Melee: War axe           ||    90
 Armour: Scale mail        ||    47
  Dodge: Dodged            ||    20
  Block: Tower shield      ||   106
